[Event "Hungarian U20 Junior-ch Men 2024"]
[Site "Budapest"]
[Date "2024.03.13"]
[Round "3.1"]
[White "Juhasz, Agoston"]
[Black "Karacsonyi, Gellert"]
[Result "1/2-1/2"]
[ECO "C42"]
[WhiteElo "2406"]
[BlackElo "2386"]
[Annotator "TA"]
[PlyCount "65"]
[EventDate "2024.03.10"]
[EventCountry "HUN"]
[SourceTitle "playchess.com"]
[Source "ChessBase"]
[SourceQuality "1"]
[TimeControl "40/5400+30:1800+30"]

1. e4 e5 2. Nf3 Nf6 3. Nxe5 d6 4. Nf3 Nxe4 5. c4 Nc6 {[%emt 0:00:14] Die Stellung ist ausgeglichen.} 6. d3 Nf6 7. d4 Be7 8. Nc3 O-O 9. d5 Ne5 10. Nd4 c5 11. dxc6 Nxc6 12. Nxc6 bxc6 13. Be2 d5 14. cxd5 Nxd5 15. Nxd5 Qxd5 16. O-O Qxd1 17. Rxd1 Bf6 18. Be3 Be6 19. Rac1 Bxa2 20. Rxc6 a5 21. Bd4 Bb3 22. Rd3 Bxd4 23. Rxb3 Rab8 24. Rxb8 Rxb8 $11 {[%emt 0:00:02][%mdl 4096] Endspiel. KRB-KRB} 25. b3 g6 ({Und nicht} 25... Rxb3 26. Rc8#) 26. Rc4 Bf6 27. Rc5 Rxb3 28. Rxa5 Rb2 29. Ra8+ Kg7 30. Re8 Bd4 31. g4 f6 32. Re4 Bb6 33. Kg2 {[%emt 0:00:46] Nicht viel passiert in dieser Partie.   Gewichteter Fehlerwert: Weiß=0.02 (makellos) /Schwarz=0.01 (makellos) .  OK:         	Weiß=18    	Schwarz=12    Bester:       	---       	Schwarz=1} 1/2-1/2

[Event "Hungarian U20 Junior-ch Men 2024"]
[Site "Budapest"]
[Date "2024.03.13"]
[Round "3.2"]
[White "Kolimar, Kristof Pal"]
[Black "Pasztor, Balazs"]
[Result "1-0"]
[ECO "B56"]
[WhiteElo "2282"]
[BlackElo "2406"]
[Annotator "TA"]
[PlyCount "95"]
[EventDate "2024.03.10"]
[EventCountry "HUN"]
[SourceTitle "playchess.com"]
[Source "ChessBase"]
[SourceQuality "1"]
[TimeControl "40/5400+30:1800+30"]

1. e4 c5 2. Nf3 d6 3. d4 cxd4 4. Nxd4 Nf6 5. Nc3 Nc6 6. f3 e5 7. Nb3 Be6 8. Be3 Be7 9. Nd5 O-O 10. Be2 a5 11. c4 a4 {[%emt 0:01:17] The position is equal.} 12. Nd2 Nd7 13. Nxe7+ Qxe7 14. O-O f5 15. exf5 Bxf5 16. Nb1 Nb4 17. Na3 {[%emt 0:00:23] Prevents Nc2.} Nc5 (17... Nf6 $14) 18. Qd2 $16 Nbd3 19. Nb5 Ra6 20. Nc3 (20. Rad1 {simplifies} Bg6 21. Bxc5 Nxc5 22. Nxd6 Rc6 23. Qe3) 20... Qh4 21. Nd5 {[%emt 0:05:50] [#] g4 would now be deadly.} Kh8 22. Rad1 Bg6 23. g3 Qxc4 24. Ne7 Bf7 25. Bxd3 Nxd3 26. Qxd3 Qxd3 27. Rxd3 {[%emt 0:00:04] Hoping for Rfd1.} Bc4 28. Rc3 b5 {[%emt 0:02:01] A mistake that costs the game.} (28... Bxf1 $16 29. Kxf1 Rxf3+ 30. Ke2 Rf8) 29. Rd1 Bxa2 30. Nc6 {[%emt 0:04:24] [#] Nb4 is the strong threat.} Bc4 31. Nb4 Raa8 32. f4 exf4 33. Bxf4 d5 34. Re3 Bb3 (34... Rf7 {was necessary.} 35. Be5 (35. Nxd5 Rd7 $18) 35... d4 36. Bxd4 Rd7) 35. Rde1 $18 d4 36. Rd3 h6 37. Rxd4 Rf7 38. Nd3 a3 39. bxa3 Rxa3 (39... Kh7 $142 40. Bd6 Rd8) 40. Rb4 (40. Rd8+ $142 Kh7 41. Ree8) 40... Bd5 41. Ne5 Rb7 42. Rd1 Rb3 (42... Ba2 $142 43. Ra1 Rb3) 43. Rbd4 Be6 (43... Bf3 44. Nxf3 Rxf3) 44. Ng6+ {[%emt 0:01:04] White is clearly winning.} Kg8 45. Rd8+ Kf7 46. Ne5+ Ke7 47. Nc6+ Kf7 48. R8d6 {[%emt 0:00:47] Weighted Error Value: White=0.13 (very precise) /Black=0.30.  Mistake:       	White=1     	Black=6      Inaccurate:     	White=1     	Black=3      OK:         	White=15    	Black=8      Best:        	White=2     	Black=2} 1-0

[Event "Hungarian U20 Junior-ch Men 2024"]
[Site "Budapest"]
[Date "2024.03.13"]
[Round "3.3"]
[White "Bodrogi, Bendeguz"]
[Black "Szikszai, Bertalan"]
[Result "1-0"]
[ECO "A49"]
[WhiteElo "2316"]
[BlackElo "2312"]
[Annotator "TA"]
[PlyCount "91"]
[EventDate "2024.03.10"]
[EventCountry "HUN"]
[SourceTitle "playchess.com"]
[Source "ChessBase"]
[SourceQuality "1"]
[TimeControl "40/5400+30:1800+30"]

1. d4 Nf6 2. Nf3 g6 3. g3 Bg7 4. Bg2 O-O 5. O-O d5 6. Bf4 Nh5 7. Bg5 {[%emt 0:04:50][%cal Oc2c4] [#]} c5 $1 8. c3 Nc6 {[%emt 0:02:12] The position is equal.} 9. dxc5 h6 10. Bc1 e5 11. Na3 Be6 12. Nb5 Nf6 13. b4 a5 14. Bb2 e4 (14... Qb8 $11) 15. Nfd4 $14 axb4 16. Nxe6 {[%emt 0:09:43] White now steadily converts the win.} fxe6 17. Bh3 Qe7 (17... bxc3 $14 18. Bxe6+ Kh7 19. Bxc3 Qe7) 18. cxb4 $16 Nxb4 {[%emt 0:00:42] [#]} 19. Nd4 $1 Nd7 {[%emt 0:06:14] [#]} (19... e5 $16) 20. Qd2 $1 $18 (20. Bxe6+ Kh7 $17) 20... Nc6 21. Nxe6 (21. Bxe6+ Kh7 22. Bxd5 Nxd4 $18) 21... Bxb2 22. Nxf8 ({But not} 22. Qxb2 Rfb8 23. Rfd1 e3 $18) 22... Bxa1 23. Nxd7 Bg7 24. Qxd5+ Kh7 25. e3 Ra3 26. Rb1 Rd3 27. Qe6 Qxe6 28. Bxe6 Nd8 29. Bh3 Bc3 30. Nf8+ Kg7 31. Ne6+ Nxe6 32. Bxe6 {[%emt 0:00:09][%mdl 4096] Endgame. KRB-KRB} Kf6 33. Bc8 Rd5 34. Bxb7 Rxc5 35. Bxe4 g5 36. Rb6+ Ke5 37. Rc6 Rxc6 (37... Bb4 {was worth a try.} 38. Rxc5+ Bxc5) 38. Bxc6 {[%emt 0:00:05] KB-KB} Kf5 (38... Bd2 $142 39. Be8 Kf6) 39. f4 gxf4 40. gxf4 ({Less strong is} 40. exf4 Bb4 41. Ba4 h5 42. Bd7+ Kf6 $18) 40... h5 41. Kf2 h4 42. Kf3 {[%emt 0:00:07] White mates.} Bd2 43. h3 Bc1 44. a4 Bd2 45. e4+ Ke6 46. e5 {[%emt 0:00:06] Weighted Error Value: White=0.14 (very precise) /Black=0.46.  Mistake:       	---       	Black=5      Inaccurate:     	White=1     	Black=2      OK:         	White=12    	Black=14     Best:        	White=3     	Black=1      Strong:       	White=1     	---} 1-0

[Event "Hungarian U20 Junior-ch Men 2024"]
[Site "Budapest"]
[Date "2024.03.13"]
[Round "3.4"]
[White "Palczert, Matyas"]
[Black "Gombocz, Ferenc Jr."]
[Result "0-1"]
[ECO "A30"]
[WhiteElo "2297"]
[BlackElo "2351"]
[Annotator "TA"]
[PlyCount "118"]
[EventDate "2024.03.10"]
[EventCountry "HUN"]
[SourceTitle "playchess.com"]
[Source "ChessBase"]
[SourceQuality "1"]
[TimeControl "40/5400+30:1800+30"]

1. c4 c5 2. Nf3 Nc6 3. e3 e5 4. Nc3 Nf6 5. d4 e4 6. d5 exf3 7. dxc6 dxc6 8. Qxd8+ {[%emt 0:00:27] The position is equal.} Kxd8 9. gxf3 g6 10. b3 Bg7 11. Bb2 b6 12. Bg2 (12. Ne4 {is more complex.} Nh5 13. O-O-O+ Kc7 14. Be2) 12... Ke7 13. f4 Bd7 14. Ne4 Rhd8 15. Ng3 $1 Nh5 16. Bxg7 Nxg7 17. h4 h5 18. O-O-O a5 19. a4 Be8 20. Bf3 Kf6 21. Be4 Ke6 22. f5+ gxf5 23. Bf3 f6 24. Rdg1 Ke7 25. Bd1 (25. Ne2 $1 $14 Ne6 26. Ng3) 25... f4 26. exf4 f5 {[%emt 0:00:17] Prevents Ne4.} 27. Nf1 Ne6 28. Ne3 (28. Bc2 $15) 28... Nxf4 $17 29. Nxf5+ Kf6 30. Ng3 Bg6 {[%emt 0:00:06] Black has more active pieces.} ({Better is} 30... Nd3+ $17 31. Kb1 Nxf2) 31. Bc2 $11 Bxc2 32. Kxc2 Rd4 33. f3 Kf7 34. Ne4 Ne6 {[%emt 0:00:36] Dodges Rg5} 35. Rg2 Rad8 36. Rhg1 Rd3 37. Rg6 {[%emt 0:03:49] Hoping for Rf6+.} Re3 $1 38. Rf6+ Ke7 39. Rh6 {[%emt 0:03:49] Wards off Rxe4. Rh7+ is the strong threat.} (39. Rgg6 $5 Re2+ $8 40. Kc1 Re1+ 41. Kb2 Re2+ 42. Ka3 $11) 39... Nd4+ (39... Rxf3 40. Rxe6+ (40. Rxh5 Nd4+ 41. Kb1 Rxb3+ 42. Kc1 Rf8 $15) 40... Kxe6 41. Ng5+ Kf5 42. Nxf3 $18) 40. Kb1 Rxb3+ (40... Rf8 $15 41. Nd2 Nxb3 (41... Nxf3 42. Nxf3 Rxb3+ 43. Ka2 $19) 42. Nxb3 Rxb3+ 43. Kc2 Rbxf3 (43... Rfxf3 44. Rg7+ Kf8 45. Rd7 $11) 44. Rxc6 Rf2+ 45. Kd3 R2f3+ 46. Kd2 R3f6 47. Rg7+ Kd8) 41. Ka2 {[%emt 0:03:12] White threatens Rg7+ and mate.} Rxf3 42. Rxh5 Rdf8 43. Rb1 Re3 44. Re5+ (44. Rh7+ $1 $11 Rf7 45. Rxf7+ Kxf7 46. Ng5+ Kf6 47. Rxb6) 44... Kd8 $17 {[%emt 0:00:22] aiming for ...Re2+.} 45. Rxb6 $2 {[%emt 0:01:29][%mdl 8192] White does not recover from this.} (45. Rg1 $17) 45... Rf4 $19 46. Rb8+ Kc7 47. Rb7+ Kxb7 48. Nd6+ ({Reject} 48. Nxc5+ Kb6 49. Nd7+ Kc7 50. Rxe3 Rf2+ (50... Kxd7 $2 51. Rh3 $19) 51. Kb1 Kxd7 $19) 48... Kc7 49. Ne8+ {[%emt 0:00:04] [#]} Kd7 $1 50. Rxe3 {[%emt 0:00:09][%mdl 4096] Endgame. KRN-KRN} Ne6 (50... Rxh4 51. Nf6+ Kc8 52. Re7 $15) 51. Re5 Rf8 52. Nc7 Nxc7 53. Rxc5 {[%emt 0:00:02] KRN-KR} Kd6 54. Rxa5 (54. Rh5) 54... c5 55. Ra7 Kc6 56. a5 Rh8 57. Kb3 Rxh4 58. a6 Rh8 {[%emt 0:00:37] ( -> ...Ra8)} 59. Ka4 {[%emt 0:00:02] [#]} (59. Rb7 $19) 59... Rb8 {[%emt 0:00:26] Weighted Error Value: White=0.33/Black=0.09 (flawless) .  Loses game:     	White=1     	---        Mistake:       	White=4     	Black=2      Inaccurate:     	White=5     	Black=5      OK:         	White=19    	Black=19     Best:        	White=5     	Black=8      Strong:       	White=1     	Black=2} 0-1

[Event "Hungarian U20 Junior-ch Men 2024"]
[Site "Budapest"]
[Date "2024.03.13"]
[Round "3.5"]
[White "Tancsa, Tamas"]
[Black "Pasti, Aron"]
[Result "0-1"]
[ECO "B12"]
[WhiteElo "2273"]
[BlackElo "2373"]
[Annotator "TA"]
[PlyCount "66"]
[EventDate "2024.03.10"]
[EventCountry "HUN"]
[SourceTitle "playchess.com"]
[Source "ChessBase"]
[SourceQuality "1"]
[TimeControl "40/5400+30:1800+30"]

1. e4 c6 2. d4 d5 3. e5 c5 4. dxc5 e6 5. a3 Bxc5 6. Nf3 Nd7 7. Bd3 f6 8. b4 {[%emt 0:02:06] White is slightly better.} Be7 9. Bb2 a5 10. b5 Nh6 11. Nbd2 Nf7 12. exf6 Bxf6 13. Bxf6 Qxf6 14. c4 $1 Nc5 15. Bc2 a4 16. O-O b6 17. cxd5 exd5 18. Re1+ Be6 {[%emt 0:00:07] Active counter play!} 19. Nf1 O-O 20. Ng3 ({Better is} 20. Qd4 $11) 20... Nd6 21. Nd4 (21. Qd4 $11 {keeps the balance.}) 21... Bf7 (21... Qxf2+ $17 22. Kh1 Bf7) 22. Ngf5 (22. Re3 $11 {remains equal.}) 22... Nxf5 $17 23. Nxf5 Be6 $1 24. Nd4 Qxf2+ 25. Kh1 {[%emt 0:00:08] [#]} Rae8 {[%emt 0:06:20][%cal Oe6g4] Hoping for ...Bg4!} 26. Qh5 {[%emt 0:06:22] [#]} h6 $40 {[%emt 0:00:39][%mdl 128] Black has strong attack.} (26... Qxd4 27. Bxh7+ Kh8 28. Bg6+ Kg8 29. Qh7#) 27. Qg6 (27. Red1 Qe3 28. Nxe6 Qxe6 29. Kg1 Qe3+ 30. Kh1) 27... Qxd4 $19 28. Qh7+ Kf7 29. Bg6+ $2 (29. Rad1 Qc3 (29... Qf6 $2 30. Rf1 $18) 30. Bg6+ Ke7 31. Bxe8 Rxe8 (31... Kxe8 $2 32. Qg6+ Ke7 33. Rc1 $19) 32. Rc1) 29... Ke7 30. Bxe8 Kxe8 31. Qg6+ Kd7 {[%emt 0:00:20] White must now prevent ...Ne4. Black is clearly winning.} 32. Rad1 Qf6 33. Qg3 {[%emt 0:00:02] [#]} (33. Qb1 $142) 33... Ne4 $1 {[%emt 0:00:07][%mdl 512] Weighted Error Value: White=0.64/Black=0.29 (precise) .  Mistake:       	White=6     	Black=1      Inaccurate:     	White=2     	Black=1      OK:         	White=8     	Black=10     Best:        	White=1     	Black=4      Strong:       	White=1     	Black=1} 0-1

[Event "Hungarian U20 Junior-ch Men 2024"]
[Site "Budapest"]
[Date "2024.03.14"]
[Round "4"]
[White "Juhasz, Agoston"]
[Black "Kolimar, Kristof Pal"]
[Result "1-0"]
[ECO "C11"]
[WhiteElo "2406"]
[BlackElo "2282"]
[Annotator "TA"]
[PlyCount "101"]
[EventDate "2024.03.10"]
[EventCountry "HUN"]
[SourceTitle "playchess.com"]
[Source "ChessBase"]
[SourceQuality "1"]
[TimeControl "40/5400+30:1800+30"]

1. e4 e6 2. d4 d5 3. Nc3 Nf6 4. Bg5 dxe4 5. Nxe4 Be7 6. Bxf6 gxf6 7. Nf3 f5 8. Nc3 a6 9. a4 Nc6 10. Qd2 Qd6 {[%emt 0:17:02] The position is equal.} 11. Qe3 Nb4 12. O-O-O Bd7 13. Ne5 Rg8 (13... Rf8 $11 {was preferrable.}) 14. Be2 $14 Bc6 15. Bh5 Rg7 16. Kb1 Kf8 17. Rhg1 f6 (17... Rd8 $16) 18. Nc4 ({White should play} 18. Nxc6 $18 bxc6 19. g3) 18... Nd5 $16 19. Nxd5 Qxd5 20. Qe2 Qd7 21. Bf3 (21. g4 {feels hotter.} b5 22. Na5 Bd5 23. gxf5 exf5 24. Bf3) 21... b5 (21... Bxa4 $14 22. g4 f4) 22. Ne3 {[%emt 0:01:12][%cal Bc4e3,Be3g2,Bg2f4,Bf4h5][%mdl 32] Strongly threatening Bxc6.} Bxf3 23. Qxf3 c6 24. g4 f4 (24... fxg4 $142 25. Rxg4 (25. Nxg4 Qd5 $14) 25... Rxg4 26. Qxg4 (26. Nxg4 Qd5 $16) 26... f5) 25. Ng2 Qd5 26. Qxd5 exd5 27. Nxf4 Kf7 {[%emt 0:00:24] Inhibits Ne6.} 28. axb5 axb5 29. c3 Bd6 30. Nh5 Rgg8 31. h3 Rae8 32. Rde1 {[%emt 0:02:03] Repels Re2} Rxe1+ 33. Rxe1 {[%emt 0:00:03][%mdl 4096] Endgame. KRB-KRN} f5 34. f3 f4 35. Kc2 {[%emt 0:00:47] Threatens to win with Ra1.} h6 $2 {[%emt 0:00:37] This costs Black the game.} (35... Ra8 $16 36. Kb3 h6) 36. Ra1 $18 Re8 37. Ra6 Re2+ 38. Kb3 Rf2 39. Rxc6 Ke7 {[%emt 0:00:01] [#]} 40. Nf6 $1 Rxf3 {[%emt 0:00:00] [#]} 41. Ne8 (41. Nxd5+ $142 $1 Ke6 (41... Kd7 42. Rb6) 42. Nb6 Rxh3 43. Nc8) 41... Bb8 {[%emt 0:11:13] [#]} (41... Kxe8 {was necessary.} 42. Rxd6 Rxh3) 42. Rxh6 $1 Rg3 $2 (42... Kxe8 43. Rh8+ Kf7) 43. Ng7 Rg1 44. Nf5+ Kd7 45. Rh7+ Kc6 46. Rf7 Rh1 47. g5 f3 48. g6 f2 49. g7 (49. Ne7+ $142 Kb6 50. g7 (50. Rxf2 Rg1 $18) (50. Nxd5+ Ka6 $18)) 49... f1=Q 50. Ne7+ (50. g8=R $2 Qd1+ 51. Kb4 Qa4#) 50... Kd6 51. Rxf1 {[%emt 0:00:10] Weighted Error Value: White=0.14 (very precise) /Black=0.31.  Loses game:     	---       	Black=1      Mistake:       	White=2     	Black=6      Inaccurate:     	White=2     	Black=3      OK:         	White=19    	Black=10     Best:        	White=4     	Black=2      Strong:       	White=1     	---} (51. g8=R $2 {gets mated.} Qd1+ 52. Kb4 Qa4#) 1-0

[Event "Hungarian U20 Junior-ch Men 2024"]
[Site "Budapest"]
[Date "2024.03.14"]
[Round "4"]
[White "Pasztor, Balazs"]
[Black "Bodrogi, Bendeguz"]
[Result "1/2-1/2"]
[ECO "B12"]
[WhiteElo "2406"]
[BlackElo "2316"]
[Annotator "TA"]
[PlyCount "95"]
[EventDate "2024.03.10"]
[EventCountry "HUN"]
[SourceTitle "playchess.com"]
[Source "ChessBase"]
[SourceQuality "1"]
[TimeControl "40/5400+30:1800+30"]

1. e4 c6 2. d4 d5 3. e5 Bf5 4. h4 h5 5. Bd3 Bxd3 6. Qxd3 {[%emt 0:00:04][%cal Oe5e6] Black must now prevent e6!} Qa5+ 7. Nd2 {[%emt 0:00:06][%cal Oe5e6,Bb1d2,Bd2b3,Bb3c5][%mdl 32] And now e6! would win.} e6 8. Ngf3 Nh6 9. O-O Nf5 10. Nb3 Qa6 11. Qd1 Nd7 12. Bg5 c5 13. c3 Rc8 14. dxc5 Bxc5 15. Nxc5 Nxc5 16. Nd4 Qd3 17. Qxd3 Nxd3 18. Nxf5 exf5 19. Rab1 O-O 20. Rfd1 Nxe5 21. Rxd5 f6 22. Bf4 Rfe8 23. Bxe5 Rxe5 $14 {[%emt 0:01:17][%mdl 4096] Endgame. KRR-KRR} 24. Rbd1 Rc7 25. g3 Rce7 26. Kg2 {[%emt 0:01:48] The position is equal.} Kf7 27. Kf3 g5 28. R1d4 Rxd5 29. Rxd5 $11 {[%emt 0:00:08] KR-KR} Kg6 30. Rd4 g4+ 31. Kg2 $1 Re2 32. Rb4 b6 33. Kf1 Rc2 34. Rb5 Rc1+ 35. Kg2 Ra1 36. a3 Rc1 37. a4 Ra1 38. b3 Rc1 39. c4 Rb1 40. b4 Rc1 41. c5 bxc5 42. bxc5 Rc4 43. Ra5 Rc1 44. Rxa7 Rxc5 45. Rb7 Rc4 46. a5 Ra4 47. Rb5 f4 48. gxf4 {[%emt 0:00:53] Weighted Error Value: White=0.02 (flawless) /Black=0.03 (flawless) .  OK:         	White=20    	Black=20     Best:        	White=4     	Black=1      Strong:       	White=1     	---} 1/2-1/2

[Event "Hungarian U20 Junior-ch Men 2024"]
[Site "Budapest"]
[Date "2024.03.14"]
[Round "4"]
[White "Karacsonyi, Gellert"]
[Black "Pasti, Aron"]
[Result "1-0"]
[ECO "C55"]
[WhiteElo "2386"]
[BlackElo "2373"]
[Annotator "TA"]
[PlyCount "91"]
[EventDate "2024.03.10"]
[EventCountry "HUN"]
[SourceTitle "playchess.com"]
[Source "ChessBase"]
[SourceQuality "1"]
[TimeControl "40/5400+30:1800+30"]

1. e4 e5 2. Nf3 Nc6 3. Bc4 Nf6 4. d3 h6 5. O-O d6 6. a4 g5 7. Nc3 Bg7 8. a5 a6 {[%emt 0:05:25] White has an edge.} 9. Re1 Bg4 10. Ne2 {[%emt 0:02:48] Wards off Nd4} (10. h3 $11 Bh5 11. Nd5) 10... d5 (10... Bxf3 $1 $15 11. gxf3 Qd7) 11. exd5 $14 Nxd5 12. Ng3 {[%emt 0:12:57][%cal Of3e5] Nxe5! is the strong threat.} Nd4 13. c3 Nxf3+ 14. gxf3 Be6 15. Nh5 Kf8 (15... O-O $1 $11) 16. Qe2 {[%emt 0:18:51] White is more active.} (16. Qb3 {seems wilder.} b5 17. axb6 cxb6 18. Nxg7 Kxg7 19. Rxe5 Qf6 20. Rxd5 b5 21. Qd1) 16... Nf6 17. Bxe6 (17. Qxe5 $2 Nxh5 18. Qc5+ Qe7 $19) 17... Nxh5 18. Bg4 Nf4 19. Bxf4 (19. Qe4 {looks sharper.} c6 20. Bxf4 gxf4 21. Kh1) 19... gxf4 20. Kh1 c6 21. Ra4 h5 22. Bf5 Qf6 {[%emt 0:00:01] Black is weak on the light squares} (22... Rb8 $11 {keeps the balance.}) 23. Qe4 $16 h4 24. Bh7 (24. Qb4+ $16 Qe7 25. Qb6) 24... Re8 25. Rg1 Re7 26. Raa1 Qe6 27. Bf5 Qd5 28. Qe2 {[%emt 0:02:45] [#]} (28. b4 $14 {keeps the upper hand.}) 28... Rh5 (28... e4 $1 $17 29. Bxe4 (29. dxe4 $2 Qxf5 30. Qd1 Qd7 $19) 29... Qh5) 29. Bh3 $11 f5 30. Rg2 e4 $2 (30... Bh8 $11) 31. fxe4 fxe4 32. dxe4 Rxe4 33. Qg4 Bf6 {[%emt 0:00:43][%cal Of4f3] [#] Hoping for ...f3!} 34. Qg6 (34. f3 $1 $18 {[%cal Rf3e4] is more deadly.} Re7 35. Qxf4) 34... Qe5 {[%emt 0:00:33][%mdl 8192] [#]} (34... Ke7 $16) 35. Be6 $1 $18 Re1+ (35... Qxe6 36. Qxh5) 36. Rxe1 Qxe1+ 37. Rg1 Qxe6 {[%emt 0:00:24] White is clearly winning.} 38. Qxh5 {[%emt 0:00:01][%mdl 4096] Endgame. KQR-KQB} Qe4+ 39. f3 Qe3 40. Qh6+ Ke7 41. Qh7+ Kd6 (41... Ke6 $142 42. Rf1 (42. Qxb7 $2 Qxf3+ 43. Rg2 Qd1+ 44. Rg1 Qd5+ 45. Rg2 f3 $19) 42... Qe2) 42. Rd1+ (42. Qxb7 Qxf3+ 43. Rg2 Qd1+ 44. Rg1 Qf3+ 45. Rg2 h3 46. Qb8+ Ke6 47. Qc8+ Kd6 48. Qb8+ Kd5 49. Qg8+ Kc5 50. Qf8+ Kd5 51. Qf7+ Kc5 52. Qf8+ Kd5 53. Qf7+ Ke5 54. Qe8+ Kd6 55. Qb8+ $11) 42... Kc5 43. b4+ (43. Qxb7 $2 {loses.} Qxf3+ 44. Kg1 Qxd1+ $19) 43... Kc4 44. Qf7+ (44. Qxb7 $2 {too greedy.} Qxf3+ (44... Bxc3 $2 {perishes.} 45. Qxa6+ Kb3 46. Qxc6 $18) 45. Kg1 Qxd1+ $19) 44... Kxc3 45. Qxf6+ Kc2 46. Rf1 {[%emt 0:00:12] Weighted Error Value: White=0.23 (precise) /Black=0.40.  Loses game:     	---       	Black=2      Mistake:       	White=4     	Black=5      Inaccurate:     	---       	Black=5      OK:         	White=9     	Black=10     Best:        	White=7     	---} 1-0

[Event "Hungarian U20 Junior-ch Men 2024"]
[Site "Budapest"]
[Date "2024.03.14"]
[Round "4"]
[White "Gombocz, Ferenc Jr."]
[Black "Tancsa, Tamas"]
[Result "1-0"]
[ECO "A36"]
[WhiteElo "2351"]
[BlackElo "2273"]
[Annotator "TA"]
[PlyCount "91"]
[EventDate "2024.03.10"]
[EventCountry "HUN"]
[SourceTitle "playchess.com"]
[Source "ChessBase"]
[SourceQuality "1"]
[TimeControl "40/5400+30:1800+30"]

1. c4 c5 2. g3 g6 3. Bg2 Bg7 4. Nc3 Nc6 5. b3 e5 6. Bb2 Nge7 7. e3 d6 8. d3 {[%emt 0:00:33] The position is equal.} Be6 9. Nd5 Bxd5 10. cxd5 Qa5+ $1 11. Qd2 Nb4 12. Bc3 $1 {[%emt 0:00:06] [#] And now a3 would win.} Qb5 13. Bxb4 cxb4 14. e4 O-O 15. Ne2 f5 16. O-O Rac8 17. Rac1 a5 18. f4 (18. Qg5 {simplifies} Qd7 19. Qe3 Qd8 20. Rxc8 Nxc8 21. exf5 gxf5 22. d4) 18... exf4 19. Nxf4 {[%emt 0:01:32] aiming for Ne6.} Bc3 {[%emt 0:01:23] White stays focused until the end.} (19... Rxc1 $11 20. Rxc1 Qb6+ 21. Kh1 Bh6) 20. Qe2 fxe4 21. Qxe4 Rce8 22. Ne6 Nf5 $2 (22... Rxf1+ {might work better.} 23. Rxf1 Nf5) 23. g4 $18 Qb6+ 24. Kh1 Ne3 25. Rxf8+ Rxf8 26. Nxf8 Kxf8 27. g5 Qc5 $2 {[%emt 0:00:32] [#]} (27... Qd4 28. Qxd4 Bxd4 29. Rc8+ Kg7 30. Rc7+ Kh8 31. Rxb7 Bc5) 28. d4 Qxd4 29. Qxd4 Bxd4 {[%emt 0:00:09][%mdl 4096] Endgame. KRB-KBN} 30. Rc8+ Kg7 31. Rc7+ Kg8 32. Rxb7 Nd1 33. Rb8+ Kf7 $2 (33... Kg7 {keeps fighting.} 34. Rb7+ Kh8) 34. Bh3 {[%emt 0:04:13] White is clearly winning.} Nc3 35. Be6+ Ke7 36. Rb7+ Kf8 37. Rf7+ Ke8 38. Rxh7 Nxa2 39. Bf7+ Kf8 40. Bxg6 Nc3 41. Rf7+ Kg8 42. Rb7 Kf8 43. h4 {[%emt 0:02:46] Black must now prevent h5.} Be3 44. Rf7+ Kg8 45. Rd7 Bf4 46. Bf5 {[%emt 0:00:38] Weighted Error Value: White=0.33/Black=0.63.  Mistake:       	White=1     	Black=4      Inaccurate:     	White=1     	Black=4      OK:         	White=15    	Black=4      Best:        	White=3     	Black=2      Strong:       	White=1     	Black=1} 1-0

[Event "Hungarian U20 Junior-ch Men 2024"]
[Site "Budapest"]
[Date "2024.03.14"]
[Round "4"]
[White "Szikszai, Bertalan"]
[Black "Palczert, Matyas"]
[Result "0-1"]
[ECO "B12"]
[WhiteElo "2312"]
[BlackElo "2297"]
[Annotator "RC"]
[PlyCount "104"]
[EventDate "2024.03.10"]
[EventCountry "HUN"]
[SourceTitle "playchess.com"]
[Source "ChessBase"]
[SourceQuality "1"]
[TimeControl "40/5400+30:1800+30"]

1. e4 c6 2. d4 d5 3. e5 Bf5 4. h4 h5 5. Bd3 Bxd3 6. Qxd3 Qa5+ 7. c3 e6 8. a4 Qa6 9. Qxa6 Nxa6 10. b4 Nc7 11. a5 f6 12. Bf4 Nb5 13. Ne2 Ne7 14. Nd2 Ng6 15. Bg3 fxe5 16. Bxe5 Nxe5 17. dxe5 O-O-O 18. Rh3 d4 19. c4 Nc3 20. c5 Be7 21. Nf4 Bxh4 22. Nc4 Be7 23. Nxe6 Rd7 24. Rd3 Nd5 25. Rb1 Rh6 26. Nxd4 Nxb4 27. Rxb4 Bxc5 28. Ra4 Bxd4 29. Nd6+ Rdxd6 30. exd6 c5 31. a6 Re6+ 32. Kf1 b6 33. Rf3 Rxd6 34. Rf7 Rd7 35. Rf8+ Kc7 36. Ra3 c4 37. Ke2 Bc5 38. Ra8 b5 39. Rg3 Kb6 40. Rg5 Rc7 41. Rg6+ Ka5 42. Re8 Bb4 43. Kd1 Rd7+ 44. Kc1 Ka4 45. Rb8 c3 46. Rc6 Rd2 47. Rb7 Ba3+ 48. Kb1 b4 49. Rxa7 Kb3 50. Rxc3+ Kxc3 51. Rc7+ Kb3 52. a7 Rd1+ 0-1